cohdb
Replays
Latest Replays
All Replays
Popular Replays
Top Player Replays
Match Explorer
How It Works
Community
CoH3 Stats
Reddit
Sign in to upload your games and track your stats! →
Sign in with Steam
Relic please take actions against this mentally retarded prick 7709070A
Match 13023604
Overview
Messages
Build Orders
End
Vickers Machine Gun Team
Construct Section Command Post
Dingo Light Scout Car
Infantry Section
Infantry Section
Construct Platoon Command Post
Unlock M3 Stuart Light Tanks
M3 Stuart Light Tank
Royal Engineer Section
Construct Field Infirmary
Royal Engineer Section
6-pounder Anti-tank Gun Team
Vickers Machine Gun Team
Construct Company Command Post
Selects British Armored Battlegroup
Selects Radio Net
Selects Crusader AA Medium Tank
ML 3-inch Mortar Team
Royal Engineer Section
Selects Churchill Black Prince Heavy Tank
Churchill Black Prince Heavy Tank
6-pounder Anti-tank Gun Team
Grenade Package
Spinach.mp3
Kenya
cccccc0514
上
its a god damn clown show
MaDDo (:
7789878a
Para_Dilshan
0
0
Comments
sign in to comment!
No comments posted yet!